 Dungeon Crawl Stone Soup version 0.18.1-2-ga659475 (webtiles) character file.

9132 HungrySpirit the Fighter (level 11, -7/92 HPs)
             Began as a Formicid Ice Elementalist on May 8, 2016.
             Was a Priest of Okawaru.
             Mangled by Maud
             ... wielding a +2 scimitar
              (13 damage)
             ... on level 13 of the Dungeon.
             The game lasted 00:27:14 (14697 turns).

HungrySpirit the Fighter (FoIE)                    Turns: 14697, Time: 00:27:14

Health: -7/92      AC: 15    Str: 24    XL:     11   Next: 68%
Magic:  14/14      EV:  9    Int: 15    God:    Okawaru [***...]
Gold:   634        SH:  0    Dex: 11    Spells: 2 memorised, 10 levels left

rFire  . . .     SeeInvis +     y - +7 quarterstaff "Foenn" {vamp, *Rage rPois rC++ rN+}
rCold  + + .     Gourm    .     x - +0 plate armour
rNeg   + . .     Faith    .     (no shield)
rPois  +         Spirit   .     (helmet unavailable)
rElec  .         Dismiss  .     u - +1 cloak
rCorr  .         Reflect  .     d - +1 pair of gloves
SustAt .         Harm     .     (no boots)
MR     +++..                    (no amulet)
Stlth  ..........               N - +3 ring of strength
                                v - ring of protection from magic

@: mighty, very slightly contaminated, drained, invisible, extremely resistant
to hostile enchantments, extremely unstealthy
A: permanent stasis, dig shafts and tunnels, four strong arms, antennae 3, magic
resistance 1
a: Dig, Shaft Self, Heroism, Renounce Religion


You were on level 13 of the Dungeon.
You worshipped Okawaru.
Okawaru was most pleased with you.
You were not hungry.

You visited 2 branches of the dungeon, and saw 14 of its levels.
You visited the Abyss 1 time.
You also visited: Sewer.

You collected 634 gold pieces.

Inventory:

Hand Weapons
 n - a +2 short sword of speed
 y - the +7 quarterstaff "Foenn" (weapon) {vamp, *Rage rPois rC++ rN+}
   (You found it on level 8 of the Dungeon)

   It inflicts no extra harm, but heals its wielder somewhat when it strikes a
   living foe.
   It greatly protects you from cold.
   It protects you from poison.
   It protects you from negative energy.
   It may make you go berserk in combat.
Armour
 d - a +1 pair of gloves (worn)
 u - a +1 cloak (worn)
 x - a +0 plate armour (worn)
 W - the +1 leather armour of Exclusion {rC++ Dex+4}
   (You found it on level 12 of the Dungeon)

   It affects your dexterity (+4).
   It greatly protects you from cold.
Jewellery
 v - a ring of protection from magic (left hand)
 E - an uncursed ring of flight
 N - a +3 ring of strength (right hand)
 V - an uncursed ring of protection from fire {unknown}
Wands
 r - a wand of paralysis (8/24)
 s - a wand of polymorph (11/24)
 w - a wand of paralysis (2/24)
 H - a wand of polymorph (19/24)
 L - a wand of iceblast (8/15)
 M - a wand of acid (7/15)
 P - a wand of digging (12/24)
Scrolls
 e - a scroll of acquirement {unknown}
 f - 2 scrolls of recharging
 g - 4 scrolls of identify
 i - 3 scrolls of enchant armour
 k - 2 scrolls of immolation
 m - a scroll of fear {unknown}
 o - 2 scrolls of amnesia
 z - a scroll of noise {unknown}
 K - a scroll of magic mapping
Potions
 a - a potion of flight
 h - 3 potions of degeneration {unknown}
 j - a potion of magic
 l - 3 potions of haste {unknown}
 p - 4 potions of brilliance {unknown}
 q - 7 potions of might
 B - a potion of agility
 C - 2 potions of cancellation
 F - a potion of resistance
 T - a potion of curing
Books
 b - a book of Frost

   Spells                             Type                      Level
   a - Freeze                         Ice                          1
   b - Throw Frost                    Conjuration/Ice              2
   c - Ozocubu's Armour               Charms/Ice                   3
   d - Throw Icicle                   Conjuration/Ice              4
   e - Summon Ice Beast               Ice/Summoning                4
 A - a book of Alchemy

   Spells                             Type                      Level
   a - Sublimation of Blood           Necromancy                   2
   b - Ignite Poison                  Fire/Transmutation/Poison    3
   c - Petrify                        Transmutation/Earth          4
   d - Alistair's Intoxication        Transmutation/Poison         5
   e - Irradiate                      Conjuration/Transmutation    5
 R - a book of Misfortune

   Spells                             Type                      Level
   a - Confusing Touch                Hexes                        2
   b - Confuse                        Hexes                        3
   c - Gell's Gravitas                Hexes/Translocation          3
   d - Petrify                        Transmutation/Earth          4
   e - Metabolic Englaciation         Hexes/Ice                    5
   f - Yara's Violent Unravelling     Hexes/Transmutation          5
Comestibles
 c - 4 bread rations
 t - 5 meat rations
 G - a royal jelly
 I - 10 fruits
 J - 6 slices of pizza
 S - 2 beef jerkies
 X - 4 chunks of flesh


   Skills:
 + Level 10.6(10.5) Fighting
 - Level 5.0(4.9) Short Blades
   Level 5.0(6.0) Polearms
 * Level 5.3(6.2) Staves
 + Level 3.2(3.1) Armour
 - Level 7.0(6.9) Dodging
 - Level 2.4(2.3) Stealth
 - Level 7.1(7.0) Unarmed Combat
 - Level 2.1 Spellcasting
   Level 0.8(0.7) Conjurations
 - Level 4.4(4.3) Ice Magic


You had 10 spell levels left.
You knew the following spells:

 Your Spells              Type           Power        Failure   Level  Hunger
a - Freeze                Ice            ##..         77%         1    #......
b - Ozocubu's Armour      Chrm/Ice       #.......     100%        3    ###....


Dungeon Overview and Level Annotations

Branches:
Dungeon (12/15)            Temple (1/1) D:4            Lair (0/8) D:9
    Orc (0/2) D:11

Altars:
Ashenzari
Cheibriados
Dithmenos
Elyvilon
Fedhas
Gozag
Kikubaaqudgha
Makhleb
Nemelex Xobeh
Okawaru
Pakellas
Qazlal
Ru
Sif Muna
Trog
Vehumet
Xom
Yredelemnul
Zin
The Shining One

Annotations:
D:12 Sonja
D:13 Maud


Innate Abilities, Weirdness & Mutations

You are under a permanent stasis effect.
You can dig through walls and to a lower floor.
Your four strong arms can wield two-handed weapons with a shield.
You have a pair of large antennae on your head (SInv).
You are resistant to hostile enchantments.


Message History

You kill the centaur!
Okawaru accepts your kill.
Unknown command.
You sock Maud!
Maud is lightly wounded.
Maud misses you.
Unknown command.
You catch the helpless Maud completely off-guard!
You bludgeon Maud!!
You feel better.
Maud is moderately wounded.
Unknown command.
Maud hits you with an enchanted scimitar!!
* * * LOW HITPOINT WARNING * * *
Things that are here:
a shortbow; 21 arrows You sock Maud!
Maud is moderately wounded.
Maud looks upset.
Maud hits you with an enchanted scimitar!
You die...

#+##
##...##
##.....##
##.@.....#
#.@......}#
+.........+
#.........#
##.......##
##.....##
##...##
#+##


You could see Maud.

Vanquished Creatures
  A hydra (D:9)
  A wizard (D:11)
  A griffon (D:11)
  Maurice (D:8)
  A two-headed ogre (D:10)
  Grinder (D:4)
  A vampire (D:11)
  2 yaks (D:9)
  4 hippogriffs
  Menkaure (D:6)
  2 sky beasts
  4 orc warriors
  A necrophage (D:11)
  2 phantoms
  A black bear (D:9)
  4 ogres
  4 centaurs
  6 big kobolds
  2 crocodiles
  5 giant frogs
  5 scorpions
  A wyvern skeleton (D:10)
  11 killer bees
  9 wights
  12 howler monkeys
  A centaur zombie (D:11)
  A giant frog zombie (D:6)
  5 crimson imps
  2 giant frog skeletons
  8 orc priests
  5 hounds
  9 orc wizards
  2 centaur skeletons
  3 jellies
  Ijyb (D:2)
  Jessica (D:3)
  3 iguanas
  6 worker ants
  2 sheep (D:9)
  A hound zombie (D:10)
  A howler monkey zombie (D:11)
  7 gnolls
  A river rat (D:6)
  9 adders
  2 shadow imps
  2 oozes
  3 worms
  A dart slug (D:1)
  7 giant geckos
  29 orcs
  5 ball pythons
  10 bats
  3 giant cockroaches
  2 gnoll zombies (D:4)
  8 hobgoblins
  10 jackals
  4 quokkas
  A giant gecko skeleton (D:5)
  6 giant newts
  6 goblins
  27 kobolds
  A quokka skeleton (D:6)
  8 rats
286 creatures vanquished.

Vanquished Creatures (others)
  A human (D:2)
  An ooze (D:4)
  A goblin (D:4)
  A plant (D:1)
4 creatures vanquished.

Grand Total: 290 creatures vanquished

Notes
Turn   | Place    | Note
--------------------------------------------------------------
     0 | D:1      | HungrySpirit the Formicid Ice Elementalist began the quest for the Orb.
     0 | D:1      | Reached XP level 1. HP: 13/13 MP: 3/3
    99 | D:1      | Reached skill level 1 in Fighting
   303 | D:1      | Reached XP level 2. HP: 19/22 MP: 0/5
   493 | D:1      | Reached skill level 2 in Fighting
   811 | D:1      | Reached XP level 3. HP: 28/28 MP: 6/6
  1233 | D:1      | Reached skill level 1 in Short Blades
  1780 | D:2      | Learned a level 3 spell: Ozocubu's Armour
  1782 | D:2      | Found a radiant altar of Vehumet.
  1786 | D:2      | Noticed Ijyb
  1808 | D:2      | Killed Ijyb
  1808 | D:2      | Reached XP level 4. HP: 23/34 MP: 0/7
  2132 | D:2      | Reached skill level 3 in Fighting
  2293 | D:2      | Found a snail-covered altar of Cheibriados.
  2432 | D:2      | Found a sparkling altar of Nemelex Xobeh.
  2666 | D:2      | Found an ancient bone altar of Kikubaaqudgha.
  2669 | D:2      | Noticed a human
  2671 | D:2      | Killed a human
  2919 | D:3      | Reached XP level 5. HP: 41/41 MP: 8/8
  3350 | D:3      | Noticed Jessica
  3363 | D:3      | Killed Jessica
  3372 | D:3      | Reached XP level 6. HP: 47/48 MP: 9/9
  3542 | D:3      | Found a shadowy altar of Dithmenos.
  3961 | D:4      | Reached skill level 4 in Fighting
  4424 | D:4      | Reached XP level 7. HP: 53/55 MP: 5/10
  4495 | D:4      | Found a staircase to the Ecumenical Temple.
  4528 | D:4      | Reached skill level 5 in Short Blades
  4681 | D:4      | Found a bloodstained altar of Trog.
  4692 | Temple   | Entered the Ecumenical Temple
  4929 | D:4      | Found a stormy altar of Qazlal.
  5074 | D:4      | Found a basalt altar of Yredelemnul.
  5104 | D:4      | Noticed Grinder
  5112 | D:4      | Gained mutation: You are resistant to hostile enchantments. [potion of beneficial mutation]
  5157 | D:4      | Killed Grinder
  5157 | D:4      | Reached skill level 5 in Fighting
  5396 | D:5      | Entered Level 5 of the Dungeon
  5593 | D:5      | Reached XP level 8. HP: 59/64 MP: 11/11
  5776 | D:5      | Reached skill level 6 in Fighting
  5776 | D:5      | Reached skill level 1 in Polearms
  6487 | D:6      | Found an opulent altar of Gozag.
  6521 | D:6      | Noticed Menkaure
  6949 | D:6      | Killed Menkaure
  7028 | D:6      | Found a glowing drain.
  7040 | Sewer    | Entered a sewer
  8229 | D:7      | Reached skill level 7 in Fighting
  8330 | D:7      | Reached XP level 9. HP: 60/72 MP: 12/12
  8888 | D:7      | Found an iron altar of Okawaru.
  9044 | D:7      | Became a worshipper of Warmaster Okawaru
  9300 | D:7      | Reached skill level 8 in Fighting
  9629 | D:8      | Found a shattered altar of Ashenzari.
  9629 | D:8      | Found a sacrificial altar of Ru.
  9715 | D:8      | Reached skill level 5 in Polearms
  9793 | D:8      | Got a crude quarterstaff
  9809 | D:8      | Identified the +7 quarterstaff "Foenn" {vamp, *Rage rPois rC++ rN+} (You found it on level 8 of the Dungeon)
  9827 | D:8      | Reached skill level 5 in Dodging
 10025 | D:8      | Reached skill level 1 in Unarmed Combat
 10122 | D:8      | Found a burning altar of Makhleb.
 10122 | D:8      | Noticed a green death
 10126 | D:8      | Noticed a hellwing
 10126 | D:8      | Noticed a hellwing
 10140 | D:8      | Noticed Maurice
 10293 | D:8      | Killed Maurice
 10293 | D:8      | Reached * piety under Okawaru
 10293 | D:8      | Reached XP level 10. HP: 81/82 MP: 13/13
 10845 | D:9      | Found a staircase to the Lair.
 10896 | D:9      | Reached skill level 9 in Fighting
 10945 | D:9      | Noticed a three-headed hydra
 10971 | D:9      | Killed a three-headed hydra
 10971 | D:9      | Reached skill level 5 in Unarmed Combat
 10980 | D:9      | Reached ** piety under Okawaru
 11635 | D:9      | Reached XP level 11. HP: 90/90 MP: 14/14
 11817 | D:10     | Entered Level 10 of the Dungeon
 12504 | D:10     | Reached skill level 10 in Fighting
 12510 | D:10     | Reached skill level 1 in Staves
 13257 | D:11     | Noticed a wizard
 13279 | D:11     | Killed a wizard
 13279 | D:11     | Reached *** piety under Okawaru
 13279 | D:11     | Reached skill level 1 in Armour
 13895 | D:11     | Noticed a griffon
 13911 | D:11     | Killed a griffon
 14167 | D:11     | Found a staircase to the Orcish Mines.
 14304 | D:11     | Reached skill level 5 in Staves
 14516 | D:12     | Got a translucent leather armour
 14517 | D:12     | Identified the +1 leather armour of Exclusion {rC++ Dex+4} (You found it on level 12 of the Dungeon)
 14615 | D:12     | Noticed Sonja
 14635 | D:12     | Cast into level 2 of the Abyss (Sonja)
 14656 | Abyss:2  | Noticed a thrashing horror
 14686 | D:12     | Escaped the Abyss
 14689 | D:12     | You fall through a shaft!
 14689 | D:13     | Noticed Maud
 14697 | D:13     | Mangled by Maud

Skill      XL: |  1  2  3  4  5  6  7  8  9 10 11 |
---------------+----------------------------------+-----
Fighting       | 1 2 3 4 5 7 8 9 10 | 10.6
Short Blades   | 2 3 4 5 |  5.0
Ice Magic      | 4 |  4.4
Polearms       | 3 5 |  5.0
Dodging        | 3 5 6 7 |  7.0
Unarmed Combat | 2 6 7 |  7.1
Staves         | 5 |  5.3
Armour         | 3 |  3.2
Stealth        | |  2.4
Spellcasting   | |  2.1
Conjurations   | |  0.8

Action                   |  1- 3 |  4- 6 |  7- 9 | 10-12 || total
-------------------------+-------+-------+-------+-------++-------
Melee: Short sword       |    73 |   232 |   580 |       ||   885
       Spear             |     4 |     6 |       |       ||    10
       Quarterstaff      |       |       |    37 |   558 ||   595
       Punch             |       |       |       |    16 ||    16
 Cast: Freeze            |    14 |     8 |     8 |       ||    30
Invok: Heroism           |       |       |       |     5 ||     5
 Abil: Dig               |       |       |     1 |     7 ||     8
       Shaft Self        |       |       |       |     1 ||     1
Evoke: Wand              |       |       |    18 |       ||    18
  Use: Scroll            |       |       |    14 |     7 ||    21
       Potion            |       |       |     4 |     7 ||    11
 Stab: Sleeping          |     6 |     3 |     1 |       ||    10
       Distracted        |     1 |       |       |       ||     1
       Paralysed         |       |       |    15 |       ||    15
       Invisible         |       |       |       |     4 ||     4
  Eat: Chunk             |     3 |     8 |    17 |    13 ||    41
       Pizza             |       |       |     1 |       ||     1
       Beef jerky        |       |       |     1 |       ||     1
       Meat ration       |       |       |     1 |       ||     1
       Fruit             |       |       |       |     4 ||     4
Armor: Robe              |    20 |       |       |       ||    20
       Ring mail         |       |    72 |    63 |       ||   135
       Plate armour      |       |       |   178 |   482 ||   660
Dodge: Dodged            |    72 |    71 |   128 |   271 ||   542
